 Dungeon Crawl Stone Soup version 0.27.1-33-g824d729ab1 (webtiles) character file.

Game seed: 9504774619916445317

717835 emdikay the Conqueror (level 27, -4/199 HPs)
             Began as a Gargoyle Berserker on Dec 19, 2021.
             Was a High Priest of Trog.
             Slain by an Orb Guardian (24 damage)
             ... on level 5 of the Realm of Zot on Dec 20, 2021.
             The game lasted 06:17:33 (67367 turns).

emdikay the Conqueror (Gargoyle Berserker)         Turns: 67367, Time: 06:17:34

Health: -4/199     AC: 67    Str: 35 (36) XL:     27
Magic:  23/23      EV:  9    Int:  8 (9)  God:    Trog [*****.]
Gold:   5217       SH: 17    Dex: 12 (14) Spells: 26/26 levels left

rFire    + . .     SeeInvis +   a - +9 broad axe (flame)
rCold    + + +     Faith    .   X - +2 kite shield {reflect}
rNeg     + + .     Spirit   .   U - +8 gold dragon scales of the Gastropod {rPois rF+ rC+ rCorr}
rPois    ∞         Reflect  +   w - +0 mask of the Dragon {Will+ Slay+3 SInv}
rElec    +         Harm     .   V - +1 cloak of Mukaesoo {rF+ Will- Str+4 Stlth+}
rCorr    +         Rampage  .   E - +2 pair of gloves
Will     +++..                  x - +2 pair of boots
Stlth    +.........             Q - amulet of the Suburbs {rN+ Regen+}
HPRegen  1.43/turn              J - ring of Deraici {Fly rElec Dex+6 Slay+5}
MPRegen  0.18/turn              O - ring of Isaogosi {Ice Will+ Str+2}

@: unable to read, vertiginous, flying, studying 2 skills
A: sickness immunity, AC +20, big wings, negative energy resistance 1,
electricity resistance, torment resistance 1, petrification resistance, beak,
horns 1, clumsy 1, cold resistance 1, deterioration 1, dopey 1, wild magic 1,
inability to read while threatened
}: 4/15 runes: decaying, slimy, silver, gossamer
a: Renounce Religion, Berserk, Trog's Hand, Brothers in Arms


You were on level 5 of the Realm of Zot.
You worshipped Trog.
Trog was extremely pleased with you.
You visited 12 branches of the dungeon, and saw 58 of its levels.
You visited the Abyss 1 time.
You visited 2 bazaars.
You also visited: Trove, Ossuary, Gauntlet, Ice Cave and Wizlab.

You collected 10805 gold pieces.
You spent 5588 gold pieces at shops.

Inventory:

Hand Weapons
 a - a +9 broad axe of flaming (weapon)
 b - the +10 hand crossbow of Apal {freeze, rF+ Str+6}
   (You bought it in a shop on level 4 of the Depths)

   Any ammunition fired from it freezes those it strikes, dealing additional
   cold damage.
   It can also slow down cold-blooded creatures.
   Str:       It affects your strength (+6).
   rF:        It protects you from fire.
Missiles
 s - 226 poisoned darts (quivered)
 z - 1610 bolts
Armour
 m - a +1 pair of boots of stealth
 q - the +2 shield of Resistance {rF++ rC++ Will++}
   (You found it on level 3 of the Elven Halls)

   rF:        It greatly protects you from fire.
   rC:        It greatly protects you from cold.
   Will:      It greatly increases your willpower.
 w - the +0 mask of the Dragon (worn) {Will+ Slay+3 SInv}
   (You bought it in a shop on level 8 of the Dungeon)

   Slay:      It affects your accuracy & damage with ranged weapons and melee
   (+3).
   SInv:      It lets you see invisible.
   Will:      It increases your willpower.
 x - a +2 pair of boots (worn)
 E - a +2 pair of gloves (worn)
 U - the +8 gold dragon scales of the Gastropod (worn) {rPois rF+ rC+ rCorr}
   (You found it on level 5 of the Lair of Beasts)

   rF:        It protects you from fire.
   rC:        It protects you from cold.
   rPois:     It protects you from poison.
   rCorr:     It protects you from acid and corrosion.
 V - the +1 cloak of Mukaesoo (worn) {rF+ Will- Str+4 Stlth+}
   (You found it in a Gauntlet)

   Str:       It affects your strength (+4).
   rF:        It protects you from fire.
   Will:      It decreases your willpower.
   Stlth:     It makes you more stealthy.
 X - a +2 kite shield of reflection (worn)
Jewellery
 g - the ring "Etsyew" {rN+++ MP+9 Str+4 Int-3 Slay+2}
   (You found it in a treasure trove)

   [ring of magical power]

   Str:       It affects your strength (+4).
   Int:       It affects your intelligence (-3).
   Slay:      It affects your accuracy & damage with ranged weapons and melee
   (+2).
   rN:        It renders you almost immune to negative energy.
   MP:        It affects your magic capacity (+9).
 I - the amulet of the Sneaky Defenders {Rampage rElec rPois Regen+ Slay+3}
   (You found it on level 4 of the Spider Nest)

   [amulet of regeneration]

   Slay:      It affects your accuracy & damage with ranged weapons and melee
   (+3).
   rElec:     It insulates you from electricity.
   rPois:     It protects you from poison.
   Regen:     It increases your rate of health regeneration.
   Rampage:   It bestows one free step when moving towards enemies.
 J - the ring of Deraici (left hand) {Fly rElec Dex+6 Slay+5}
   (You acquired it on level 1 of the Lair of Beasts)

   [ring of dexterity]

   Dex:       It affects your dexterity (+6).
   Slay:      It affects your accuracy & damage with ranged weapons and melee
   (+5).
   rElec:     It insulates you from electricity.
   Fly:       It grants you flight.
 O - the ring of Isaogosi (right hand) {Ice Will+ Str+2}
   (You found it on level 4 of the Depths)

   [ring of ice]

   It enhances your ice magic.
   Str:       It affects your strength (+2).
   rF:        It makes you vulnerable to fire.
   rC:        It protects you from cold.
   Will:      It increases your willpower.
 Q - the amulet of the Suburbs (around neck) {rN+ Regen+}
   (You found it on level 1 of the Depths)

   [amulet of regeneration]

   rN:        It protects you from negative energy.
   Regen:     It increases your rate of health regeneration.
Wands
 e - a wand of mindburst (39)
 o - a wand of acid (73)
 y - a wand of iceblast (86)
 C - a wand of polymorph (15)
 K - a wand of digging (19)
 S - a wand of paralysis (54)
 T - a wand of flame (231)
 Y - a wand of charming (24)
Scrolls
 d - 34 scrolls of identify
 h - 5 scrolls of fog
 i - 6 scrolls of enchant weapon
 l - 2 scrolls of brand weapon
 n - 7 scrolls of magic mapping
 u - 3 scrolls of fear
 B - 10 scrolls of blinking
 D - 25 scrolls of teleportation
 L - 7 scrolls of holy word
 N - 2 scrolls of summoning
Potions
 c - 15 potions of might
 f - 38 potions of curing
 k - 4 potions of heal wounds
 p - 8 potions of ambrosia
 r - a potion of mutation
 A - 8 potions of haste
 F - 4 potions of cancellation
 G - 3 potions of invisibility
 H - 6 potions of resistance
 W - a potion of magic
Miscellaneous
 t - a condenser vane
 v - a phial of floods
 M - a lightning rod (4/4)
 P - a box of beasts
 R - a piece from Xom's chessboard (15/15)
 Z - a phantom mirror


   Skills:
 O Level 27 Fighting
 + Level 20.6(20.9) Axes
 - Level 6.8(16.2) Maces & Flails
 + Level 13.2 Crossbows
 O Level 27 Armour
 + Level 16.4 Dodging
 + Level 18.8 Stealth
 - Level 15.0 Shields


You had 26 spell levels left.
You didn't know any spells.
Your spell library contained the following spells:

 Spells                   Type           Power      Damage    Failure   Level
 Animate Skeleton         Necr           0%         N/A       97%         1
 Apportation              Tloc           0%         N/A       97%         1
 Corona                   Hex            0%         N/A       97%         1
 Foxfire                  Conj/Fire      0%         2x1d4     97%         1
 Magic Dart               Conj           0%         1d3       97%         1
 Pain                     Necr           0%         1d4       97%         1
 Sandblast                Erth           0%         2d4       97%         1
 Shock                    Conj/Air       0%         1d3       97%         1
 Sting                    Tmut/Pois      0%         1d3       97%         1
 Summon Small Mammal      Summ           0%         N/A       97%         1
 Call Imp                 Summ           0%         N/A       99%         2
 Ensorcelled Hibernation  Hex/Ice        0%         N/A       99%         2
 Passwall                 Tmut/Erth      0%         N/A       99%         2
 Poisonous Vapours        Pois/Air       0%         N/A       99%         2
 Searing Ray              Conj           0%         3d3       99%         2
 Slow                     Hex            0%         N/A       99%         2
 Static Discharge         Conj/Air       0%         N/A       99%         2
 Call Canine Familiar     Summ           0%         N/A       100%        3
 Confusing Touch          Hex            0%         N/A       100%        3
 Dazzling Flash           Conj/Hex       0%         N/A       100%        3
 Frozen Ramparts          Ice            0%         1d2       100%        3
 Gell's Gravitas          Tloc           0%         N/A       100%        3
 Ignite Poison            Fire/Tmut/Pois 0%         N/A       100%        3
 Inner Flame              Hex/Fire       0%         N/A       100%        3
 Lesser Beckoning         Tloc           0%         N/A       100%        3
 Mephitic Cloud           Conj/Pois/Air  0%         N/A       100%        3
 Ozocubu's Armour         Ice            0%         N/A       100%        3
 Portal Projectile        Hex/Tloc       0%         N/A       100%        3
 Summon Guardian Golem    Hex/Summ       0%         N/A       100%        3
 Swiftness                Air            0%         N/A       100%        3
 Teleport Other           Tloc           0%         N/A       100%        3
 Tukima's Dance           Hex            0%         N/A       100%        3
 Vampiric Draining        Necr           0%         2d6       100%        3
 Airstrike                Air            0%         N/A       100%        4
 Animate Armour           Summ/Erth      0%         N/A       100%        4
 Cause Fear               Hex            0%         N/A       100%        4
 Dispel Undead            Necr           0%         3d6       100%        4
 Fulminant Prism          Conj/Hex       0%         3d6       100%        4
 Hailstorm                Conj/Ice       0%         3d3       100%        4
 Ice Form                 Ice/Tmut       0%         N/A       100%        4
 Leda's Liquefaction      Hex/Erth       0%         N/A       100%        4
 Olgreb's Toxic Radiance  Pois           0%         N/A       100%        4
 Passage of Golubria      Tloc           N/A        N/A       100%        4
 Petrify                  Tmut/Erth      0%         N/A       100%        4
 Sticky Flame             Conj/Fire      0%         2d3       100%        4
 Summon Ice Beast         Ice/Summ       0%         N/A       100%        4
 Summon Lightning Spire   Summ/Air       0%         N/A       100%        4
 Agony                    Necr           0%         N/A       100%        5
 Alistair's Intoxication  Tmut/Pois      0%         N/A       100%        5
 Blade Hands              Tmut           0%         N/A       100%        5
 Bolt of Magma            Conj/Fire/Erth 0%         4d4       100%        5
 Borgnjor's Vile Clutch   Necr/Erth      0%         N/A       100%        5
 Excruciating Wounds      Necr           0%         N/A       100%        5
 Fireball                 Conj/Fire      0%         3d3       100%        5
 Freezing Cloud           Conj/Ice/Air   0%         6-21      100%        5
 Irradiate                Conj/Tmut      0%         3d14      100%        5
 Iskenderun's Battlesphe  Conj           0%         2d6       100%        5
 Lee's Rapid Deconstruct  Erth           0%         3d5*      100%        5
 Lightning Bolt           Conj/Air       0%         1d11      100%        5
 Metabolic Englaciation   Hex/Ice        0%         N/A       100%        5
 Silence                  Hex/Air        0%         N/A       100%        5
 Summon Forest            Summ/Tloc      0%         N/A       100%        5
 Summon Mana Viper        Hex/Summ       0%         N/A       100%        5
 Yara's Violent Unravell  Hex/Tmut       0%         3d3       100%        5
 Conjure Ball Lightning   Conj/Air       0%         3x3d6     100%        6
 Eringya's Noxious Bog    Tmut/Pois      0%         N/A       100%        6
 Invisibility             Hex            0%         N/A       100%        6
 Iron Shot                Conj/Erth      0%         9d1       100%        6
 Shadow Creatures         Summ           N/A        N/A       100%        6
 Simulacrum               Ice/Necr       0%         N/A       100%        6
 Starburst                Conj/Fire      0%         6d3       100%        6
 Dragon Form              Tmut           0%         N/A       100%        7
 Haunt                    Necr/Summ      0%         N/A       100%        7
 Monstrous Menagerie      Summ           0%         N/A       100%        7
 Orb of Destruction       Conj           0%         N/A       100%        7
 Spellforged Servitor     Conj/Summ      0%         N/A       100%        7
 Storm Form               Tmut/Air       0%         N/A       100%        7
 Summon Hydra             Summ           0%         N/A       100%        7
 Discord                  Hex            0%         N/A       100%        8
 Ignition                 Fire           0%         3d3       100%        8
 Lehudib's Crystal Spear  Conj/Erth      0%         10d2      100%        8
 Maxwell's Capacitive Co  Air            0%         ∞         100%        8
 Necromutation            Tmut/Necr      0%         N/A       100%        8
 Chain Lightning          Conj/Air       0%         N/A       100%        9
 Dragon's Call            Summ           0%         N/A       100%        9
 Fire Storm               Conj/Fire      0%         5d1       100%        9
 Sublimation of Blood     Necr           Unusable   N/A       N/A         2
 Statue Form              Tmut/Erth      Unusable   N/A       N/A         6

Dungeon Overview and Level Annotations

Branches:
Dungeon (15/15)            Temple (1/1) D:4            Lair (6/6) D:10
  Swamp (4/4) Lair:4       Spider (4/4) Lair:4        Slime (5/5) Lair:5
    Orc (2/2) D:12            Elf (3/3) Orc:2        Vaults (5/5) D:14
  Crypt (3/3) Vaults:3       Tomb (0/3) Crypt:3      Depths (5/5) D:15
    Zot (5/5) Depths:5    Ossuary (visited)           IceCv (visited)
 WizLab (visited)         Gauntlet (visited)

Altars:
Ashenzari
Cheibriados
Dithmenos
Elyvilon
Fedhas
Gozag
Hepliaklqana
Kikubaaqudgha
Makhleb
Nemelex Xobeh
Okawaru
Qazlal
Ru
Sif Muna
Trog
Uskayaw
Vehumet
Wu Jian
Xom
Yredelemnul
Zin
The Shining One
Beogh
Jiyva

Shops:
D:8 [   Orc:2 =*!*   Elf:2 *[   Vaults:2 [   Vaults:5 *   Depths:4 **

Portals:
Hell: Depths:1 Depths:2 Depths:3 Depths:4 Depths:5
Abyss: Depths:3 Depths:4 Depths:5
Pandemonium: Depths:3
Ziggurat: Depths:1

Annotations:
Depths:4 treasure trove +5 ice dragon armor -> 5 enchant weapon scrolls
Zot:5 exclusion: obsidian statue


Innate Abilities, Weirdness & Mutations

You are immune to sickness and miasma.
Your stone body is resilient. (AC +20)
You are immune to poison.
Your large and strong wings let you fly.
You resist negative energy. (rN+)
You are resistant to electric shocks. (rElec)
You are resistant to unholy torment.
You are immune to petrification.
You have a beak for a mouth.
You have a pair of small horns on your head.
You are clumsy. (Dex -2)
Your flesh is cold resistant. (rC+)
Your body sometimes deteriorates upon taking damage.
You are dopey. (Int -2)
Your spells are a little harder to cast, but a little more powerful.
You sometimes lose the ability to read scrolls when taking damage.


Message History

The Orb Guardian hits you but does no damage.
An Orb Guardian comes into view.
The Killer Klown slaps you but does no damage.
The Orb Guardian completely misses you. The Orb Guardian hits you!!
* * * LOW HITPOINT WARNING * * *
The Killer Klown pies you viciously!
The klown pie hits you but does no damage.
An Orb Guardian comes into view.
The electric golem blinks!
The Orb Guardian barely misses you.
You can move again.
You feel much better. You block the Orb Guardian's attack.
Your iron troll rages.
The Killer Klown pies you viciously!
The klown pie hits you but does no damage.
The Orb Guardian hits you!
* * * LOW HITPOINT WARNING * * *
The Orb Guardian hits you but does no damage.
The Killer Klown blinks!
You cannot read scrolls in your current state!
Your iron troll goes berserk!
The electric golem crackles and sizzles.
The electric golem hurls lightning at you.
The bolt of lightning hits you! You resist.
* * * LOW HITPOINT WARNING * * *
The bolt of lightning hits your iron troll!!
The Killer Klown pies you viciously! The klown pie hits you.
Plum!
You feel light-headed.
* * * LOW HITPOINT WARNING * * *
An Orb Guardian comes into view.
You block the Orb Guardian's attack.
The electric golem hurls lightning at you.
The bolt of lightning hits you but does no damage.
The bolt of lightning hits your iron troll!!!
The Orb Guardian hits you but does no damage.
The Killer Klown pies you viciously!
Your +2 kite shield of reflection reflects the klown pie!
The klown pie hits the Killer Klown!
Moon pie!
The Killer Klown evaporates and reforms as an iron dragon!
The Orb Guardian hits you!!
You die...

...######.#.###.#
..........#.....#
▓################
##.L.§.X^.......##
#................##
......^§[.....^...##
...................#
...§.§........XT...#
.^..........p..X@X.#
^.....§§§....T.XD8.#
....^p..§p..^.^....#
.X§...d§§d...X..2..#
.......§....XX^..^##
#.p....8.........##
^.........2.X...##
▓▓▓▓▓▓▓▓##(...§▓▓
.............▓


You could see 2 Killer Klowns, an electric golem (ally target), an iron dragon,
a green draconian, 8 Orb Guardians, a balrug (summoned), a green death
(summoned) and 2 friendly iron trolls.

Vanquished Creatures
  the Royal Jelly (Slime:5)
  Khufu (Crypt:2)
  2 ancient liches
  A dread lich (Crypt:3)
  2 orbs of fire
  3 juggernauts
  2 royal mummies (Crypt:2)
  4 shard shrikes (Depths:4)
  A Killer Klown (Zot:5)
  Frederick (Crypt:1)
  2 curse toes
  A bone dragon (Crypt:3)
  8 golden dragons
  Jory (Vaults:4)
  Nikola (Vaults:1)
  2 profane servitors
  Arachne (Spider:4)
  2 electric golems
  2 iron giants (Depths:4)
  17 tentacled monstrosities
  3 hellephants (Depths:4)
  7 liches
  Jorgrun (Swamp:2)
  4 quicksilver dragons
  13 Orb Guardians (Zot:5)
  13 titans
  5 deep elf blademasters
  2 deep elf master archers (Elf:3)
  20 acid blobs
  3 tentacled starspawn (Abyss:2)
  Gastronok (Orc:1)
  4 death cobs
  2 ancient champions
  A sphinx (shapeshifter) (Depths:3)
  Kirke (Spider:1)
  8 sphinxes
  3 draconian monks
  8 tengu reavers
  18 storm dragons
  4 thorn hunters
  9 rockslimes
  9 shadow dragons
  9 azure jellies
  11 fire giants
  Donald (Swamp:3)
  3 revenants
  4 iron dragons
  11 draconian knights
  11 frost giants
  5 ghost moths
  A frost giant (shapeshifter) (Vaults:5)
  23 vault wardens
  7 draconian scorchers
  3 emperor scorpions
  2 deep elf sorcerers
  9 ghouls
  An angel (Abyss:2)
  15 ironbound preservers
  10 draconian shifters
  3 deep elf elementalists (Elf:3)
  7 draconian stormcallers
  18 stone giants
  13 quicksilver oozes
  6 draconian annihilators
  A spriggan defender (Depths:3)
  The ghost of Doix the Arsonist, a journeyman DrFE of Vehumet (Lair:5)
  25 very ugly things
  3 war gargoyles
  6 dire elephants
  15 white draconians
  14 black draconians
  8 vampire knights
  6 green draconians
  4 entropy weavers
  10 purple draconians
  13 red draconians
  11 deep elf demonologists
  6 bunyips
  16 yellow draconians
  A deep elf annihilator (Elf:3)
  A minotaur (Gauntlet)
  2 pearl dragon zombies (Crypt:1)
  9 spark wasps
  16 ettins
  Josephine (Orc:1)
  15 jiangshi
  3 eleionomae
  Snorg (Orc:2)
  8 deep elf death magi
  2 eidola
  10 fire dragons
  3 crystal guardians
  5 shambling mangroves
  18 great orbs of eyes
  16 yaktaur captains
  4 deep elf high priests
  Harold (D:9)
  2 boulder beetles
  4 rakshasas
  4 ghost crabs
  2 salamander tyrants (Depths:5)
  7 ice dragons
  5 ironbound thunderhulks
  34 vault guards
  30 hydras
  3 peacekeepers
  2 ogre magi
  4 catoblepae
  Erolcha (D:11)
  4 spriggan air magi
  6 ironbound frosthearts
  7 death knights
  7 two-headed ogres
  31 dancing weapons
  Erica (Orc:1)
  6 deep troll shamans
  8 alligators
  10 centaur warriors
  A death yak (shapeshifter) (Vaults:5)
  Urug (Orc:1)
  7 tengu warriors
  7 ironbound beastmasters
  5 thrashing horrors (Abyss:2)
  9 deep troll earth magi
  4 vampire magi
  The ghost of lasso the Destroyer, a novice GnCj of Vehumet (D:8)
  3 hell hogs (Crypt:1)
  9 death yaks
  2 shock serpents (shapeshifter)
  5 spriggan berserkers
  2 orc high priests (Orc:2)
  12 hell knights
  The ghost of Flure the Reanimator, a novice HuNe of Hepliaklqana (D:8)
  Nergalle (Lair:1)
  A spatial maelstrom (Abyss:2)
  3 wretched stars (Abyss:2)
  The ghost of miilacz the Spear-Bearer, a novice MiMo of Elyvilon (D:8)
  33 skeletal warriors
  2 fire crabs (Swamp:4)
  25 deep elf knights
  43 deep trolls
  6 iron trolls
  4 salamander mystics (Depths:5)
  3 shadow wraiths
  3 goliath frogs (Swamp:1)
  A spriggan druid (Swamp:4)
  5 wizards
  A glowing orange brain (Depths:5)
  10 lindwurms
  A death drake (shapeshifter) (Vaults:5)
  A shadow dragon zombie (Crypt:2)
  5 flayed ghosts (Crypt:3)
  A spectral wolf spider (Crypt:3)
  5 swamp dragons
  5 bog bodies
  14 deep elf archers
  Pikel (D:6)
  9 large abominations
  An obsidian statue (Zot:5)
  An orange crystal statue (Vaults:2)
  20 phantasmal warriors
  A fire giant zombie (Crypt:1)
  A swamp dragon (shapeshifter) (Vaults:1)
  28 deep elf zephyrmancers
  4 orc knights
  20 ironbound convokers
  30 deep elf pyromancers
  11 orb spiders
  3 harpies (Vaults:1)
  9 orc sorcerers
  9 necromancers
  37 ugly things
  An oklob plant (D:10)
  A cyclops (D:7)
  A stone giant zombie (Vaults:1)
  10 shining eyes
  6 will-o-the-wisps
  A worldbinder (Abyss:2)
  5 manticores
  An iron dragon zombie (Crypt:1)
  20 moths of wrath
  A salamander (shapeshifter) (Vaults:5)
  32 wolf spiders
  10 salamanders (Depths:5)
  6 elephants
  4 apis skeletons (Crypt:1)
  7 black mambas
  An eye of devastation (shapeshifter) (Depths:5)
  A stone giant skeleton (Crypt:1)
  A smoke demon (Abyss:2)
  20 vault sentinels
  A naga mage (D:15)
  2 eyes of devastation
  2 orange demons (Abyss:2)
  2 kobold demonologists (D:11)
  2 gargoyles
  A cane toad (shapeshifter) (D:14)
  3 torpor snails
  3 ice statues (IceCv)
  2 rime drakes (Lair:4)
  4 unseen horrors
  11 cane toads
  An elf skeleton (Vaults:4)
  12 demonic crawlers
  2 human zombies
  An efreet (D:15)
  An emperor scorpion zombie (Crypt:1)
  A golden dragon simulacrum (Crypt:1)
  A hellion (Gauntlet)
  6 komodo dragons
  38 yaktaurs
  9 freezing wraiths
  3 tengu conjurers
  A guardian mummy (Depths:4)
  2 ancient zymes (Abyss:2)
  A grey draconian skeleton (Crypt:2)
  An ice devil (Gauntlet)
  2 white draconian skeletons (Crypt:2)
  4 trolls
  2 entropy weaver simulacra (IceCv)
  A yellow draconian skeleton (Crypt:1)
  3 polar bears
  A meliai (D:12)
  2 iron troll skeletons
  A harpy skeleton (D:15)
  33 jumping spiders
  A polar bear (shapeshifter) (D:14)
  A bloated husk (Swamp:1)
  10 tyrant leeches
  A wind drake (shapeshifter) (Vaults:3)
  Prince Ribbit (D:6)
  2 slime creatures (shapeshifter)
  3 blink frogs (Lair:6)
  108 slime creatures
  Grinder (D:5)
  2 saltlings (Vaults:3)
  A fire giant simulacrum (Crypt:1)
  2 dream sheep (Lair:3)
  A dream sheep (shapeshifter) (Vaults:5)
  20 hornets
  2 centaur simulacra (D:14)
  109 redbacks
  14 small abominations
  A shock serpent simulacrum (Crypt:3)
  Sigmund (D:6)
  3 shadows
  6 spriggans
  A spriggan (shapeshifter) (Depths:3)
  An air elemental (Elf:3)
  A dire elephant simulacrum (IceCv)
  50 yaks
  45 flying skulls (Crypt:3)
  A ynoxinul (Depths:3)
  An ettin skeleton (Vaults:1)
  32 tarantellas
  4 vampires
  A wind drake zombie (Crypt:1)
  13 wraiths
  2 golden eyes (Slime:4)
  7 fire elementals
  6 water elementals
  5 basilisks
  A wyvern (shapeshifter) (D:12)
  3 steam dragons
  A human (shapeshifter) (Depths:3)
  Eustachio (D:4)
  A neqoxec (Abyss:2)
  14 wyverns
  3 hogs (Spider:1)
  6 chaos spawn
  Grum (D:9)
  A death yak simulacrum (IceCv)
  9 vampire mosquitoes
  17 swamp worms
  4 wargs
  4 acid dragons
  14 water moccasins
  5 two-headed ogre zombies (WizLab)
  2 floating eyes
  7 hell hounds
  A merfolk skeleton (Crypt:1)
  28 orc warriors
  2 sky beasts
  4 swamp drakes
  A hornet zombie (Crypt:2)
  4 ice beasts
  6 black bears
  15 necrophages
  An elephant skeleton (Crypt:2)
  3 centaurs
  6 ogres
  6 boggarts
  A lemure (D:6)
  32 wolves
  2 human skeletons
  A phantom (D:7)
  Blork the orc (D:5)
  4 kobold brigands
  An octopode zombie (Crypt:1)
  14 bullfrogs
  2 gnoll sergeants
  2 scorpions
  5 earth elementals
  A palentonga skeleton (Crypt:1)
  2 cane toad simulacra (IceCv)
  5 water moccasin zombies (Ossuary)
  A cyclops skeleton (Crypt:1)
  6 troll zombies (WizLab)
  A water moccasin skeleton (D:5)
  8 killer bees (D:10)
  13 wights
  4 electric eels
  A yak skeleton (Crypt:2)
  A lava snake (Swamp:4)
  A bullfrog zombie (D:6)
  A howler monkey (D:6)
  7 centaur zombies
  4 starcursed masses (Abyss:2)
  5 hounds
  4 jellies
  26 orc priests
  A quasit (Abyss:2)
  Crazy Yiuf (D:6)
  3 centaur skeletons
  39 orc wizards
  6 iguanas
  13 hell rats
  A polar bear simulacrum (IceCv)
  A wolf simulacrum (IceCv)
  6 ogre zombies (WizLab)
  A tengu skeleton (Crypt:1)
  2 hound skeletons (D:4)
  3 mummies
  A howler monkey skeleton (D:6)
  8 adders
  9 gnolls
  4 white imps
  An ufetubus (Abyss:2)
  3 adder zombies (Ossuary)
  A worm (D:2)
  4 dart slugs
  89 orcs
  5 bats
  9 endoplasms
  3 gnoll zombies (Ossuary)
  6 goblins
  8 hobgoblins
  A jackal (D:4)
  6 quokkas
  8 ball pythons
  5 frilled lizards
  4 hobgoblin zombies (Ossuary)
  8 kobolds
  A kobold skeleton (Crypt:2)
  6 kobold zombies (Ossuary)
  7 orc zombies (Ossuary)
  7 rats
  8 briar patches (Swamp:4)
  4 fire vortices (Depths:4)
  2 lurking horrors (Abyss:2)
  3 starspawn tentacles (Abyss:2)
2604 creatures vanquished.

Vanquished Creatures (collateral kills)
  Saint Roka (Elf:2)
  An Orb Guardian (Zot:5)
  A quicksilver dragon (Vaults:5)
  A sphinx (Vaults:3)
  A tengu reaver (Depths:2)
  A frost giant (Depths:3)
  An ironbound preserver (Vaults:2)
  A draconian stormcaller (Zot:3)
  The ghost of Riymurr the Phalangite, a journeyman MfMo of Hepliaklqana (Lair:5)
  The ghost of Kaptain the Geomancer, a journeyman OpEE (Lair:5)
  A deep elf annihilator (Elf:3)
  Azrael (Orc:2)
  The ghost of Darubir the Archer, a journeyman CeAM of Okawaru (Lair:5)
  An ettin (Vaults:3)
  A deep elf death mage (Elf:3)
  2 fire dragons (Swamp:4)
  2 deep elf high priests
  A yaktaur captain (Vaults:2)
  A hydra (Swamp:4)
  A vault guard (Vaults:5)
  A boulder beetle (D:12)
  A spriggan air mage (Depths:3)
  A centaur warrior (Vaults:3)
  An ironbound frostheart (Vaults:2)
  3 dancing weapons (Elf:1)
  A hell knight (Crypt:3)
  An ironbound beastmaster (Vaults:1)
  A spriggan berserker (Depths:3)
  A slime creature (Vaults:1)
  3 deep trolls
  3 swamp dragons (Swamp:4)
  3 wizards
  4 ugly things
  An ironbound convoker (Vaults:4)
  A phantasmal warrior (Vaults:5)
  3 orb spiders (Spider:4)
  A wolf spider (Spider:4)
  3 elephants (Lair:5)
  3 vault sentinels
  3 yaktaurs
  2 komodo dragons
  A troll (D:7)
  3 redbacks
  A starcursed mass (Abyss:2)
  A shadow (D:12)
  A tarantella (Spider:4)
  2 flying skulls (Crypt:3)
  A fire elemental (Orc:2)
  A wraith (D:12)
  3 steam dragons
  3 orc warriors
  3 swamp drakes (Swamp:4)
  An ice beast (D:7)
  A boggart (Vaults:1)
  A phantom (D:7)
  A gnoll sergeant (D:7)
  3 orc wizards
  2 gnolls
  A shadow imp (D:7)
  4 orcs
97 creatures vanquished.

Vanquished Creatures (others)
  A ghost moth (shapeshifter) (Depths:3)
  An ironbound preserver (Vaults:5)
  2 stone giants (Depths:1)
  A hydra (Swamp:4)
  A deep troll earth mage (Depths:1)
  A swamp dragon (Swamp:4)
  A lindwurm (Swamp:4)
  2 deep elf pyromancers
  2 wizards
  A bloated husk (Swamp:2)
  4 humans (Spider:1)
  2 steam dragons (Swamp:4)
  2 swamp drakes (Swamp:4)
  A lava snake (Swamp:4)
  An orc wizard (Orc:2)
  An orc (Vaults:5)
  6 briar patches
  26 foxfires
  30 fungi
  63 plants
  8 starspawn tentacles (Abyss:2)
  3 withered plants (D:8)
160 creatures vanquished.

Grand Total: 2861 creatures vanquished

Notes
Turn   | Place    | Note
-------+----------+-------------------------------------------
     0 | D:1      | emdikay the Gargoyle Berserker began the quest for the Orb.
     0 | D:1      | Reached XP level 1. HP: 14/14 MP: 1/1
   100 | D:1      | Reached XP level 2. HP: 17/19 MP: 2/2
   442 | D:1      | Reached XP level 3. HP: 23/23 MP: 3/3
  1420 | D:2      | Reached XP level 4. HP: 29/29 MP: 4/4
  1577 | D:2      | Reached ** piety under Trog
  2154 | D:3      | Found a basalt altar of Yredelemnul.
  2203 | D:3      | Found an iron altar of Okawaru.
  2244 | D:3      | Reached XP level 5. HP: 33/33 MP: 5/5
  3029 | D:3      | Reached XP level 6. HP: 39/39 MP: 6/6
  3117 | D:4      | Noticed a steam dragon
  3180 | D:4      | Found a broken altar of Ashenzari.
  3250 | D:4      | Noticed Eustachio
  3261 | D:4      | Killed Eustachio
  3262 | D:4      | Reached skill level 5 in Fighting
  3262 | D:4      | Reached skill level 5 in Axes
  3287 | D:4      | Reached XP level 7. HP: 22/44 MP: 7/7
  3486 | D:4      | Found a staircase to the Ecumenical Temple.
  3907 | D:4      | Reached *** piety under Trog
  4235 | D:4      | Killed a steam dragon
  4251 | D:4      | Identified a scroll of acquirement
  4251 | D:4      | Acquired the ring "Weci" {Fly rN+ Str+4}
  4322 | Temple   | Entered the Ecumenical Temple
  4427 | D:5      | Entered Level 5 of the Dungeon
  4551 | D:5      | Reached XP level 8. HP: 51/51 MP: 8/8
  4567 | D:5      | Found a hazy altar of Hepliaklqana.
  4567 | D:5      | Found a sacrificial altar of Ru.
  4967 | D:5      | Noticed Blork the orc
  4978 | D:5      | Killed Blork the orc
  5035 | D:5      | Found a glowing silver altar of Zin.
  5054 | D:5      | Found a snail-covered altar of Cheibriados.
  5185 | D:5      | Noticed Grinder
  5190 | D:5      | Paralysed by Grinder for 4 turns
  5195 | D:5      | Killed Grinder
  5357 | D:6      | Noticed Pikel
  5377 | D:6      | Killed Pikel
  5378 | D:6      | Reached skill level 5 in Dodging
  5378 | D:6      | Reached XP level 9. HP: 57/57 MP: 9/9
  5414 | D:6      | Found a sand-covered staircase.
  5429 | Ossuary  | Entered an ossuary
  5624 | Ossuary  | Reached **** piety under Trog
  5792 | D:6      | Noticed Sigmund
  5807 | D:6      | Killed Sigmund
  5948 | D:6      | Noticed Prince Ribbit
  5958 | D:6      | Killed Prince Ribbit
  6025 | D:6      | Found an ornate altar of the Wu Jian Council.
  6025 | D:6      | Found an opulent altar of Gozag.
  6041 | D:6      | Found a stormy altar of Qazlal.
  6124 | D:6      | Found a runed translucent door.
  6125 | D:6      | Noticed Crazy Yiuf
  6283 | D:6      | Reached XP level 10. HP: 64/64 MP: 10/10
  6531 | D:6      | Killed Crazy Yiuf
  6803 | D:7      | Reached ***** piety under Trog
  6824 | D:7      | Noticed a cyclops
  6836 | D:7      | Killed a cyclops
  6837 | D:7      | Reached skill level 10 in Axes
  6848 | D:7      | Noticed a manticore
  6882 | D:7      | Killed a manticore
  8047 | D:8      | Found Izis's Antique Armour Shop.
  8198 | D:8      | Reached XP level 11. HP: 72/72 MP: 11/11
  8202 | D:8      | Reached skill level 10 in Fighting
  8589 | D:8      | Found a runed translucent gate.
  8590 | D:8      | Found a runed translucent gate.
  8591 | D:8      | Found a runed translucent gate.
  8592 | D:8      | Noticed Flure's ghost (novice HuNe)
  8592 | D:8      | Noticed miilacz's ghost (novice MiMo)
  8592 | D:8      | Noticed lasso's ghost (novice GnCj)
  8928 | D:9      | Noticed Harold
  8942 | D:9      | Killed Harold
  9005 | D:9      | Noticed Grum
  9012 | D:9      | Killed Grum
  9399 | D:9      | Noticed an eight-headed hydra
  9405 | D:9      | Killed an eight-headed hydra
  9856 | D:8      | Bought a runed chain mail for 142 gold pieces
  9856 | D:8      | Bought a runed helmet for 142 gold pieces
  9907 | D:10     | Entered Level 10 of the Dungeon
 10658 | D:10     | Found an ancient bone altar of Kikubaaqudgha.
 10735 | D:10     | Found a staircase to the Lair.
 10744 | D:10     | Noticed an oklob plant
 10779 | D:10     | Killed an oklob plant
 11125 | D:10     | Noticed a two-headed ogre
 11128 | D:10     | Noticed a two-headed ogre
 11134 | D:10     | Killed a two-headed ogre
 11138 | D:10     | Killed a two-headed ogre
 11461 | Lair:1   | Entered Level 1 of the Lair of Beasts
 11485 | Lair:1   | Reached XP level 12. HP: 80/80 MP: 12/12
 11492 | Lair:1   | Noticed a four-headed hydra
 11503 | Lair:1   | Killed a four-headed hydra
 11573 | Lair:1   | Acquired the ring of Deraici {Fly rElec Dex+6 Slay+5}
 11831 | Lair:1   | Noticed Nergalle
 11833 | Lair:1   | Noticed a five-headed hydra
 11840 | Lair:1   | Killed a five-headed hydra
 11841 | Lair:1   | Reached skill level 1 in Shields
 11843 | Lair:1   | Killed Nergalle
 12485 | Lair:2   | Noticed a six-headed hydra
 12496 | Lair:2   | Killed a six-headed hydra
 12631 | Lair:2   | Reached skill level 1 in Maces & Flails
 13019 | Lair:3   | Noticed a death yak
 13019 | Lair:3   | Noticed a death yak
 13019 | Lair:3   | Noticed a death yak
 13019 | Lair:3   | Noticed a death yak
 13027 | Lair:2   | Killed a death yak
 13028 | Lair:2   | Reached skill level 5 in Armour
 13040 | Lair:2   | Killed a death yak
 13046 | Lair:2   | Killed a death yak
 13047 | Lair:2   | Reached XP level 13. HP: 60/87 MP: 13/13
 13361 | Lair:3   | Received a gift from Trog
 14385 | Lair:3   | Reached skill level 5 in Maces & Flails
 14816 | Lair:4   | Found a staircase to the Swamp.
 15084 | Lair:4   | Found a hole to the Spider Nest.
 15222 | Lair:4   | Reached skill level 10 in Armour
 15492 | Lair:5   | Gained mutation: Your large and strong wings let you fly.
                  | [Gargoyle growth]
 15492 | Lair:5   | Reached XP level 14. HP: 93/95 MP: 14/14
 15744 | Lair:5   | Found a staircase to the Slime Pits.
 15747 | Lair:5   | Found a viscous altar of Jiyva.
 15771 | Lair:5   | Found a runed translucent gate.
 15987 | Lair:5   | Found a runed translucent gate.
 15988 | Lair:5   | Found a runed translucent gate.
 15989 | Lair:5   | Noticed Riymurr's ghost (journeyman MfMo)
 15989 | Lair:5   | Noticed Kaptain's ghost (journeyman OpEE)
 16001 | Lair:5   | Reached skill level 5 in Shields
 16212 | Lair:5   | Noticed Doix's ghost (journeyman DrFE)
 16212 | Lair:5   | Noticed Darubir's ghost (journeyman CeAM)
 16245 | Lair:5   | Killed Kaptain's ghost
 16251 | Lair:5   | Killed Darubir's ghost
 16255 | Lair:5   | Killed Riymurr's ghost
 16255 | Lair:5   | Received a gift from Trog
 16257 | Lair:5   | Killed Doix's ghost
 16272 | Lair:5   | Identified the +8 gold dragon scales of the Gastropod
                  | {rPois rF+ rC+ rCorr}
 16367 | Lair:6   | Entered Level 6 of the Lair of Beasts
 17812 | D:8      | Killed lasso's ghost
 17815 | D:8      | Killed Flure's ghost
 17822 | D:8      | Killed miilacz's ghost
 17823 | D:8      | Reached XP level 15. HP: 101/101 MP: 15/15
 17957 | D:8      | Bought the +0 mask of the Dragon {Will+ Slay+3 SInv} for
                  | 634 gold pieces
 17957 | D:8      | Found the +0 mask of the Dragon {Will+ Slay+3 SInv}
 18103 | D:11     | Noticed Erolcha
 18109 | D:11     | Killed Erolcha
 18367 | D:11     | Received a gift from Trog
 18794 | D:12     | Paralysed by an ogre mage for 4 turns
 18870 | D:12     | Found a staircase to the Orcish Mines.
 18914 | D:12     | Identified the +1 robe of Inviolability {rPois rC+ Dex+3}
 19015 | D:12     | Found a gate leading to a gauntlet.
 19024 | Gauntlet | Entered a Gauntlet
 19024 | Gauntlet | Found a transporter.
 19024 | Gauntlet | Found a transporter.
 19028 | Gauntlet | Found a transporter.
 19029 | Gauntlet | Found a transporter.
 19032 | Gauntlet | Found a transporter.
 19032 | Gauntlet | Found a transporter.
 19063 | Gauntlet | Found a transporter.
 19064 | Gauntlet | Found a transporter.
 19108 | Gauntlet | Found a transporter.
 19124 | Gauntlet | Noticed a cacodemon
 19127 | Gauntlet | Found a transporter.
 19132 | Gauntlet | Found a transporter.
 19154 | Gauntlet | Found a transporter.
 19319 | Gauntlet | Reached skill level 15 in Axes
 19328 | Gauntlet | Identified the +1 cloak of Mukaesoo {rF+ Will- Str+4
                  | Stlth+}
 19360 | Gauntlet | Found the +4 Cigotuvi's embrace {rMiasma Drain rN+}
 19366 | Gauntlet | Identified the +7 hand axe "Ajiren" {flame, rF+ rC- Stlth+}
 19810 | Orc:1    | Entered Level 1 of the Orcish Mines
 19840 | Orc:1    | Noticed Erica
 19857 | Orc:1    | Killed Erica
 19901 | Orc:1    | Reached ****** piety under Trog
 20023 | Orc:1    | Identified the +8 hand axe "Isac" {vorpal, SInv} (Trog
                  | gifted it to you on level 1 of the Orcish Mines)
 20023 | Orc:1    | Received a gift from Trog
 20049 | Orc:1    | Noticed Urug
 20056 | Orc:1    | Noticed Josephine
 20063 | Orc:1    | Killed Urug
 20071 | Orc:1    | Killed Josephine
 20080 | Orc:1    | Noticed Gastronok
 20103 | Orc:1    | Killed Gastronok
 20412 | Orc:1    | Found a shimmering blue altar of Sif Muna.
 20501 | Orc:2    | Entered Level 2 of the Orcish Mines
 20656 | Orc:2    | Reached skill level 10 in Shields
 20711 | Orc:2    | Noticed Azrael
 20732 | Orc:2    | Killed Azrael
 20910 | Orc:2    | Received a gift from Trog
 21002 | Orc:2    | Found Satrots's General Store.
 21003 | Orc:2    | Found Gusken's General Store.
 21006 | Orc:2    | Paralysed by an orc sorcerer for 4 turns
 21022 | Orc:2    | Found Ymih's Distillery.
 21022 | Orc:2    | Found Nehux's Jewellery Boutique.
 21366 | Orc:2    | Noticed Snorg
 21372 | Orc:2    | Received a gift from Trog
 21380 | Orc:2    | Killed Snorg
 21510 | Orc:2    | Found a staircase to the Elven Halls.
 21716 | Orc:2    | Bought a scroll of acquirement for 676 gold pieces
 21716 | Orc:2    | Acquired 565 gold pieces
 21848 | Orc:2    | Found a staircase to the Elven Halls.
 22281 | D:13     | Reached skill level 15 in Fighting
 22289 | D:13     | Found a frozen archway.
 22333 | IceCv    | Entered an ice cave
 22404 | IceCv    | Reached XP level 16. HP: 103/108 MP: 16/16
 22573 | IceCv    | Identified the +1 ring mail of the Gloaming {rC+ Str+3}
 22643 | D:13     | You are sucked into a shaft and drop 2 floors!
 22643 | D:15     | Entered Level 15 of the Dungeon
 23220 | D:13     | Found a sacrificial altar of Ru.
 24170 | D:14     | Found a gate to the Vaults.
 24477 | D:15     | Identified the +0 plate armour of Foquirr {rN+ SInv}
 25124 | D:15     | Found a staircase to the Depths.
 25133 | D:15     | Received a gift from Trog
 25522 | Spider:1 | Entered Level 1 of the Spider Nest
 25523 | Spider:1 | Noticed Kirke
 25536 | Spider:1 | Killed Kirke
 26220 | Spider:2 | Reached XP level 17. HP: 107/114 MP: 0/17
 26247 | Spider:2 | Received a gift from Trog
 27567 | Spider:4 | Entered Level 4 of the Spider Nest
 27606 | Spider:4 | Received a gift from Trog
 27670 | Spider:4 | Noticed Arachne
 28679 | Spider:4 | Received a gift from Trog
 28680 | Spider:4 | Reached XP level 18. HP: 106/120 MP: 11/18
 28841 | Spider:4 | Got a gossamer rune of Zot
 28931 | Spider:4 | Killed Arachne
 29088 | Spider:4 | Reached skill level 1 in Crossbows
 29105 | Spider:4 | Identified the amulet of the Sneaky Defenders {Rampage
                  | rElec rPois Regen+ Slay+3}
 29287 | Swamp:1  | Entered Level 1 of the Swamp
 29978 | Swamp:2  | Reached skill level 15 in Shields
 29995 | Swamp:2  | Noticed Jorgrun
 30008 | Swamp:2  | Killed Jorgrun
 30599 | Swamp:3  | Received a gift from Trog
 30716 | Swamp:3  | Noticed Donald
 30731 | Swamp:3  | Killed Donald
 30774 | Swamp:3  | Reached skill level 5 in Crossbows
 31195 | Swamp:4  | Entered Level 4 of the Swamp
 31310 | Swamp:4  | Identified the +0 dire flail of Kihog {flame, *Noise Will++
                  | Str+6}
 31466 | Swamp:4  | Reached XP level 19. HP: 127/127 MP: 19/19
 31509 | Swamp:4  | Reached skill level 15 in Armour
 31923 | Swamp:4  | Got a decaying rune of Zot
 32160 | Vaults:1 | Entered Level 1 of the Vaults
 32523 | Vaults:1 | Identified the +6 chain mail of the Clam {+Inv Str-2 Int+2}
 32593 | Vaults:1 | Noticed Nikola
 32610 | Vaults:1 | Killed Nikola
 32689 | Vaults:1 | Received a gift from Trog
 33871 | Vaults:2 | Found Anitui's Antique Armour Emporium.
 33881 | Vaults:2 | Bought a glowing cloak for 292 gold pieces
 33963 | Vaults:2 | Reached XP level 20. HP: 79/136 MP: 20/20
 34251 | Vaults:2 | Received a gift from Trog
 34276 | Vaults:2 | Identified the +8 arbalest "Hiuquol" {penet, +Blink Will++}
 35947 | Vaults:3 | Reached skill level 10 in Crossbows
 36435 | Vaults:3 | Found a staircase to the Crypt.
 36435 | Vaults:3 | Found a basalt altar of Yredelemnul.
 36435 | Vaults:3 | Found an ancient bone altar of Kikubaaqudgha.
 36466 | Vaults:3 | You are sucked into a shaft and drop 1 floor!
 36561 | Vaults:4 | Received a gift from Trog
 36972 | Vaults:3 | Reached XP level 21. HP: 143/144 MP: 21/21
 37196 | Vaults:3 | Paralysed by a sphinx for 5 turns
 37217 | Vaults:3 | Received a gift from Trog
 37249 | Vaults:3 | Paralysed by a sphinx for 7 turns
 37263 | Vaults:3 | Paralysed by a sphinx for 2 turns
 38091 | Vaults:4 | Noticed Jory
 38101 | Vaults:4 | Killed Jory
 38966 | Depths:1 | Entered Level 1 of the Depths
 39116 | Depths:1 | Found a gateway to a ziggurat.
 39273 | Depths:1 | Identified the amulet of the Suburbs {rN+ Regen+}
 39389 | Depths:1 | Received a gift from Trog
 39504 | Depths:1 | Found a gateway to Hell.
 39559 | Depths:1 | Found a shimmering altar of Xom.
 40021 | Depths:2 | Noticed a juggernaut
 40024 | Depths:2 | Reached XP level 22. HP: 135/153 MP: 22/22
 40038 | Depths:2 | Killed a juggernaut
 40090 | Depths:2 | Noticed a juggernaut
 40105 | Depths:2 | Killed a juggernaut
 40116 | Depths:2 | Paralysed by a floating eye for 2 turns
 40139 | Depths:2 | Found a flickering gateway to a bazaar.
 40146 | Bazaar   | Entered a bazaar
 40157 | Bazaar   | Found Erouciubb's Weapon Boutique.
 40181 | Bazaar   | Found Sojyuge's Distillery.
 40217 | Bazaar   | Found Nidif's Distillery.
 40217 | Bazaar   | Found Imaep's Magic Scroll Boutique.
 40310 | Bazaar   | Bought a scroll of holy word for 90 gold pieces
 40310 | Bazaar   | Bought a scroll of enchant weapon for 90 gold pieces
 40310 | Bazaar   | Bought a scroll of enchant weapon for 90 gold pieces
 40557 | Depths:2 | Paralysed by a sphinx for 2 turns
 41455 | Depths:3 | Paralysed by a great orb of eyes for 6 turns
 41627 | Depths:3 | Found a one-way gate leading to the halls of Pandemonium.
 41785 | Depths:3 | Found a one-way gate to the infinite horrors of the Abyss.
 41807 | Depths:3 | Reached skill level 10 in Dodging
 41819 | Depths:3 | Found a shadowy altar of Dithmenos.
 41828 | Depths:3 | Received a gift from Trog
 41889 | Depths:3 | Found an ornate altar of the Wu Jian Council.
 42181 | Depths:3 | Noticed a juggernaut
 42346 | Depths:3 | Killed a juggernaut
 42433 | Depths:3 | Paralysed by a great orb of eyes for 4 turns
 42476 | Depths:3 | Reached XP level 23. HP: 146/161 MP: 0/23
 42549 | Depths:3 | Identified the +5 scimitar of Halicuh {flame, rF+ Will++
                  | Int+2 Stlth-}
 42787 | Depths:3 | Received a gift from Trog
 42843 | Depths:3 | Identified the +1 longbow of Gozag's Favour {venom, rF+++
                  | Str+5 Dex-4 Stlth+}
 43038 | Depths:3 | Got the Guide on the Icy Escort
 43402 | Depths:5 | Entered Level 5 of the Depths
 43451 | Depths:4 | Found Zivinaso's Assorted Antiques.
 43457 | Depths:4 | Found Pipip's General Store.
 43475 | Depths:4 | Bought the +10 hand crossbow of Apal {freeze, rF+ Str+6}
                  | for 1906 gold pieces
 43644 | Depths:4 | Received a gift from Trog
 43793 | Depths:4 | Found a portal to a secret trove of treasure.
 43916 | Depths:4 | Found a runed translucent door.
 44203 | Depths:4 | Noticed a shard shrike
 44203 | Depths:4 | Noticed a shard shrike
 44203 | Depths:4 | Noticed a shard shrike
 44203 | Depths:4 | Noticed a shard shrike
 44208 | Depths:4 | Killed a shard shrike
 44209 | Depths:4 | Reached XP level 24. HP: 171/171 MP: 23/23
 44209 | Depths:4 | Found a runed translucent door.
 44211 | Depths:4 | Killed a shard shrike
 44214 | Depths:4 | Killed a shard shrike
 44218 | Depths:4 | Killed a shard shrike
 44375 | Depths:4 | Identified the ring of Isaogosi {Ice Will+ Str+2}
 44379 | Depths:4 | Got the Guide on Clay
 44382 | Depths:4 | Got the Tome of the Slorg
 44388 | Depths:4 | Got the Almanac of the Volcanoes
 44393 | Depths:4 | Got the Guide on the Birds
 44661 | Depths:4 | Cast into level 2 of the Abyss (a wizard)
 44784 | Abyss:2  | Gained mutation: You are clumsy. (Dex -2) [a neqoxec]
 44890 | Abyss:2  | Received a gift from Trog
 45191 | Depths:4 | Escaped the Abyss
 45591 | Depths:5 | Received a gift from Trog
 45646 | Depths:5 | Found a gate to the Realm of Zot.
 46869 | Depths:5 | Found a blossoming altar of Fedhas.
 47195 | Elf:1    | Entered Level 1 of the Elven Halls
 47835 | Elf:1    | Reached XP level 25. HP: 169/180 MP: 23/23
 47977 | Elf:2    | Found Kogg's Assorted Antiques.
 48023 | Elf:2    | Found a huge runed translucent gate.
 48023 | Elf:2    | Found a huge runed translucent gate.
 48024 | Elf:2    | Found a huge runed translucent gate.
 48024 | Elf:2    | Found a huge runed translucent gate.
 48024 | Elf:2    | Found a huge runed translucent gate.
 48025 | Elf:2    | Found a huge runed translucent gate.
 48025 | Elf:2    | Found a huge runed translucent gate.
 48026 | Elf:2    | Found a huge runed translucent gate.
 48029 | Elf:2    | Noticed Saint Roka
 48031 | Elf:2    | Identified the +10 double sword of Cheibriados's Esteem
                  | {flame, Int+2}
 48152 | Elf:2    | Found a flickering gateway to a bazaar.
 48161 | Bazaar   | Entered a bazaar
 48181 | Bazaar   | Found Zociu's Distillery.
 48203 | Bazaar   | Found Qoidgh's Distillery.
 48225 | Bazaar   | Found Ducker's Magic Scroll Shop.
 48254 | Bazaar   | Found Dycoec's Magic Scroll Shop.
 48282 | Bazaar   | Bought a potion of heal wounds for 70 gold pieces
 48390 | Elf:2    | Bought a scroll of acquirement for 1456 gold pieces
 48391 | Elf:2    | Acquired 1007 gold pieces
 48515 | Elf:2    | Killed Saint Roka
 48592 | Elf:2    | Found Ywirchal's Antique Armour Shop.
 48638 | Elf:2    | Found a runed translucent gate.
 48638 | Elf:2    | Found a runed translucent gate.
 48638 | Elf:2    | Found a runed translucent gate.
 48728 | Elf:2    | Received a gift from Trog
 49259 | Elf:3    | Entered Level 3 of the Elven Halls
 49732 | Elf:3    | Received a gift from Trog
 50763 | Elf:3    | Got the Guide on Enchantment
 50820 | Elf:3    | Identified the +5 great sword "Utemi" {speed, rElec}
 50830 | Elf:3    | Received a gift from Trog
 50875 | Elf:3    | Found the +2 shield of Resistance {rF++ rC++ Will++}
 50876 | Elf:3    | Found the +7 sceptre of Torment {pain, torment}
 50892 | Elf:3    | Identified the +5 whip of Wu Jian's Hope {holy, rC+}
 50901 | Elf:3    | Identified the +9 rapier of Subterfuge {speed, Will+ Str-5
                  | Int+8 Stlth+}
 50924 | Elf:3    | Got the Handbook of the Volcanoes and Illusion
 51269 | Lair:5   | Acquired the +13 crystal plate armour "Lurphofi" {rF+
                  | Dex+4}
 51300 | Slime:1  | Entered Level 1 of the Pits of Slime
 51327 | Slime:1  | Gained mutation: You tend to lose your temper in combat. [a
                  | shining eye]
 51329 | Slime:1  | Gained mutation: You are weak. (Str -2) [a shining eye]
 51332 | Slime:1  | Gained mutation: You often lose your temper in combat. [a
                  | shining eye]
 51346 | Slime:1  | Lost mutation: You often lose your temper in combat.
                  | [potion of mutation]
 51346 | Slime:1  | Lost mutation: You are weak. (Str -2) [potion of mutation]
 51346 | Slime:1  | Lost mutation: You are clumsy. (Dex -2) [potion of
                  | mutation]
 51346 | Slime:1  | Gained mutation: You are partially covered in iridescent
                  | scales. (AC +2) [potion of mutation]
 51346 | Slime:1  | Gained mutation: You have large cloven feet. [potion of
                  | mutation]
 51368 | Slime:1  | Gained mutation: Your magical capacity is low. (-10% MP) [a
                  | shining eye]
 51377 | Slime:1  | Gained mutation: Your spells are a little easier to cast,
                  | but a little less powerful. [a shining eye]
 51513 | Slime:1  | Gained mutation: You often lose your temper in combat. [a
                  | shining eye]
 51566 | Slime:1  | Reached XP level 26. HP: 188/188 MP: 20/20
 52746 | Slime:4  | Paralysed by a great orb of eyes for 4 turns
 53054 | Slime:3  | Received a gift from Trog
 53670 | Slime:5  | Entered Level 5 of the Pits of Slime
 53730 | Slime:5  | Noticed the Royal Jelly
 53751 | Slime:5  | Killed the Royal Jelly
 53902 | Slime:5  | Found the +8 demon blade "Leech" {vamp, *Rage +Rage rN+}
 54023 | Slime:5  | Identified the +0 plate armour "Naapita" {Rampage Fly}
 54097 | Slime:5  | Gained mutation: Your magical capacity is very low. (-20%
                  | MP) [a shining eye]
 54098 | Slime:5  | Gained mutation: You are weak. (Str -2) [a shining eye]
 54099 | Slime:5  | Gained mutation: Your spells are easier to cast, but less
                  | powerful. [a shining eye]
 54101 | Slime:5  | Gained mutation: You sometimes lose the ability to read
                  | scrolls when taking damage. [a shining eye]
 54110 | Slime:4  | Gained mutation: Your body sometimes deteriorates upon
                  | taking damage. [a shining eye]
 54110 | Slime:4  | Gained mutation: Your body often deteriorates upon taking
                  | damage. [a shining eye]
 54113 | Slime:4  | Gained mutation: You have an uncontrollable temper. [a
                  | shining eye]
 54114 | Slime:4  | Gained mutation: You are very weak. (Str -4) [a shining
                  | eye]
 54121 | Slime:4  | Lost mutation: Your body often deteriorates upon taking
                  | damage. [potion of mutation]
 54121 | Slime:4  | Gained mutation: You are agile. (Dex +2) [potion of
                  | mutation]
 54122 | Slime:4  | Lost mutation: You sometimes lose the ability to read
                  | scrolls when taking damage. [potion of mutation]
 54122 | Slime:4  | Lost mutation: You are partially covered in iridescent
                  | scales. (AC +2) [potion of mutation]
 54122 | Slime:4  | Gained mutation: You have a beak for a mouth. [potion of
                  | mutation]
 54159 | Slime:4  | Received a gift from Trog
 54480 | Slime:5  | Got the Volume of Aerial Toxins
 54490 | Slime:5  | Identified the +0 kite shield of Restlessness {Fly SInv}
 54494 | Slime:5  | Got a slimy rune of Zot
 54515 | Slime:5  | Identified the +7 shortbow of Ynuamito {venom, rCorr Str-3
                  | Int+3}
 54548 | Slime:5  | Identified the +8 scale mail of Intuition {rN++}
 54603 | Slime:5  | Identified the ring "Obrir" {rElec rN+}
 54769 | Lair:5   | Lost mutation: Your magical capacity is very low. (-20% MP)
                  | [potion of mutation]
 54769 | Lair:5   | Lost mutation: You are very weak. (Str -4) [potion of
                  | mutation]
 54769 | Lair:5   | Lost mutation: You have an uncontrollable temper. [potion
                  | of mutation]
 54769 | Lair:5   | Lost mutation: Your magical capacity is low. (-10% MP)
                  | [potion of mutation]
 54769 | Lair:5   | Lost mutation: Your spells are easier to cast, but less
                  | powerful. [potion of mutation]
 54771 | Lair:5   | Lost mutation: You often lose your temper in combat.
                  | [potion of mutation]
 54771 | Lair:5   | Lost mutation: You tend to lose your temper in combat.
                  | [potion of mutation]
 54771 | Lair:5   | Lost mutation: Your body sometimes deteriorates upon taking
                  | damage. [potion of mutation]
 54771 | Lair:5   | Gained mutation: Your flesh is cold resistant. (rC+)
                  | [potion of mutation]
 54771 | Lair:5   | Gained mutation: You expend magic power (3 MP) to
                  | strengthen your wands. [potion of mutation]
 54772 | Lair:5   | Lost mutation: You have large cloven feet. [potion of
                  | mutation]
 54772 | Lair:5   | Lost mutation: You expend magic power (3 MP) to strengthen
                  | your wands. [potion of mutation]
 54772 | Lair:5   | Lost mutation: Your spells are a little easier to cast, but
                  | a little less powerful. [potion of mutation]
 54772 | Lair:5   | Lost mutation: You are agile. (Dex +2) [potion of mutation]
 54772 | Lair:5   | Gained mutation: You are partially covered in iridescent
                  | scales. (AC +2) [potion of mutation]
 54778 | Lair:5   | Lost mutation: You are weak. (Str -2) [potion of mutation]
 54778 | Lair:5   | Lost mutation: You are partially covered in iridescent
                  | scales. (AC +2) [potion of mutation]
 54778 | Lair:5   | Gained mutation: You are dopey. (Int -2) [potion of
                  | mutation]
 54778 | Lair:5   | Gained mutation: Your spells are a little harder to cast,
                  | but a little more powerful. [potion of mutation]
 55082 | Crypt:1  | Entered Level 1 of the Crypt
 55210 | Crypt:1  | Noticed Frederick
 55220 | Crypt:1  | Killed Frederick
 55345 | Crypt:1  | Found a magical portal.
 55356 | WizLab   | Entered Zonguldrok's Shrine
 55565 | WizLab   | Noticed an antique lich
 55567 | WizLab   | Found the +9 sword of Zonguldrok {reap}
 55574 | WizLab   | Killed an antique lich
 55901 | Crypt:1  | Received a gift from Trog
 55980 | Crypt:1  | Found a basalt altar of Yredelemnul.
 56085 | Crypt:1  | Paralysed by a vampire knight for 5 turns
 56195 | Crypt:1  | Got the Catalogue of Conjuration
 56309 | Crypt:2  | Reached XP level 27. HP: 194/197 MP: 23/23
 56374 | Crypt:2  | Identified the +0 flail "Beetleslayer" {flame, rN+}
 56402 | Crypt:2  | Reached skill level 27 in Fighting
 56645 | Crypt:2  | Noticed Khufu
 56654 | Crypt:2  | Noticed a royal mummy
 56655 | Crypt:2  | Killed Khufu
 56662 | Crypt:2  | Killed a royal mummy
 56663 | Crypt:2  | Noticed a royal mummy
 56844 | Crypt:2  | Killed a royal mummy
 56977 | Crypt:2  | Received a gift from Trog
 57133 | Crypt:3  | Entered Level 3 of the Crypt
 57413 | Crypt:3  | Reached skill level 27 in Armour
 57464 | Crypt:3  | Reached skill level 1 in Stealth
 57581 | Crypt:3  | Found an ancient bone altar of Kikubaaqudgha.
 57636 | Crypt:3  | Received a gift from Trog
 57809 | Crypt:3  | Reached skill level 5 in Stealth
 57830 | Crypt:3  | Got the Incunabulum of Black Secrets
 58323 | Crypt:3  | Received a gift from Trog
 58324 | Crypt:3  | Noticed a dread lich
 58336 | Crypt:3  | Killed a dread lich
 58338 | Crypt:3  | Found a staircase to the Tomb.
 58646 | Vaults:5 | Entered Level 5 of the Vaults
 58685 | Vaults:5 | Reached skill level 10 in Stealth
 58870 | Vaults:5 | Received a gift from Trog
 59209 | Vaults:5 | Received a gift from Trog
 59215 | Vaults:5 | Paralysed by a sphinx for 4 turns
 59529 | Vaults:5 | Got a silver rune of Zot
 59536 | Vaults:5 | Identified the +5 hunting sling of Pain and Death {flame,
                  | Contam Dex+9}
 59701 | Vaults:5 | Found Oguo's Assorted Antiques.
 59928 | Vaults:5 | Identified the +1 plate armour "Xumyaga" {Str+4}
 59958 | Vaults:5 | Identified the +9 demon blade "Siystrikei" {venom, *Slow
                  | Int+4 Dex+4}
 60709 | Zot:1    | Entered Level 1 of the Realm of Zot
 61756 | Zot:2    | Identified the +5 plate armour "Gyudoiwk" {rC+ Str+2}
 61869 | Zot:2    | Reached skill level 15 in Stealth
 61945 | Zot:2    | Acquired a manual of Axes
 62154 | Zot:2    | Received a gift from Trog
 62649 | Zot:2    | Reached skill level 15 in Dodging
 63277 | Zot:3    | Noticed an orb of fire
 63300 | Zot:3    | Killed an orb of fire
 63919 | Zot:3    | Received a gift from Trog
 64430 | Depths:4 | You paid a toll of +5 ice dragon scales to enter a treasure
                  | trove
 64431 | Trove    | Entered a treasure trove
 64503 | Trove    | Identified the ring "Imaveng" {rF- Int+6 Slay+4}
 64504 | Trove    | Identified the ring "Didophy" {Ice Dex+5}
 64505 | Trove    | Identified the ring "Etsyew" {rN+++ MP+9 Str+4 Int-3
                  | Slay+2}
 64506 | Trove    | Identified the ring "Wizxiq" {rC++ rN++ MP+9}
 65334 | Zot:5    | Entered Level 5 of the Realm of Zot
 66639 | Zot:5    | Received a gift from Trog
 66706 | Zot:5    | Noticed an ancient lich
 67207 | Zot:5    | Noticed an ancient lich
 67220 | Zot:5    | Killed an ancient lich
 67323 | Zot:5    | Noticed an orb of fire
 67328 | Zot:5    | Gained mutation: You have a pair of small horns on your
                  | head. [an orb of fire]
 67329 | Zot:5    | Gained mutation: You sometimes lose the ability to read
                  | scrolls when taking damage. [an orb of fire]
 67332 | Zot:5    | Gained mutation: You are clumsy. (Dex -2) [an orb of fire]
 67342 | Zot:5    | Gained mutation: Your body sometimes deteriorates upon
                  | taking damage. [an orb of fire]
 67342 | Zot:5    | Noticed a dread lich
 67345 | Zot:5    | Killed an orb of fire
 67359 | Zot:5    | Paralysed by a dread lich for 7 turns
 67367 | Zot:5    | Slain by an Orb Guardian

Illustrated notes

Levels and vault maps discovered:
D:1:      amcnicky_arrival_feature_with_door, layout_basic
D:2:      layout_loops_ring
D:3:      layout_basic, yredelemnul_altar_generic, okawaru_gym_becter
D:4:      minmay_octagon_keep, layout_basic, nicolae_ashenzari_panopticon,
          minmay_temple_entry_slanted, uniq_eustachio
D:5:      layout_loops_ring, kennysheep_slug_shrine,
          mainiacjoe_overflow_alcove_4, jmf_multi_god_temple,
          minmay_misc_feat_tiny, uniq_blork_the_orc, uniq_grinder
D:6:      layout_loops_ring, gammafunk_temple_overflow_statue,
          grunt_qazlal_clouds, lightli_ossuary_entry_decrepit_ruins,
          minmay_misc_feat_five, uniq_prince_ribbit1, uniq_pikel, uniq_sigmund,
          uniq_crazy_yiuf_cottage
D:7:      nzn_winding_woodlands_cross [nzn_winding_woodlands_5x15_sidewinder,
          nzn_winding_woodlands_5x15_lazy_stream,
          nzn_winding_woodlands_5x15_crooked,
          nzn_winding_woodlands_5x15_split_checker,
          nzn_winding_woodlands_15x15_five_gardens], layout_basic
D:8:      layout_cave_pods, gammafunk_ghost_cemetery, serial_shops,
          nicolae_take_the_stairs
D:9:      layout_long_grid, uniq_harold, uniq_grum
D:10:     layout_loops_ring, overflow_temple_1_default, dpeg_oklobed_lair
D:11:     layout_basic, uniq_erolcha
D:12:     layout_small_grid, hiddenorc1_lemuel, gauntlet_entry_generic,
          minmay_strange_pillars, minmay_misc_feat_enclosed, kb_rosetta
D:13:     layout_loops_ring, portal_ice_cave_entry_pillars_1,
          nicolae_ru_awakened_eye
D:14:     layout_basic, david_vaults_5
D:15:     grunt_enter_depths_magical_seal, layout_loops_corners,
          serial_park_paths [serial_park_minivault_5x5_2]
Temple:   jpeg_temple_clearing
Lair:1:   layout_chaotic_city, beast_lair_carwin_3, infiniplex_staircase_pool,
          uniq_nergalle
Lair:2:   layout_hall_layers, chequers_serial_rivers_large_b
Lair:3:   layout_cave_pods, grunt_forest_large_clearings
Lair:4:   layout_roguey [special_room_mythical_zoo], minmay_swamp_entry_worms,
          spider_nest_entry_funnel_web, lemuel_old_faithful
Lair:5:   layout_roguey, slime_altar_1, gammafunk_ghost_cemetery,
          grunt_megastairs_2
Lair:6:   evilmike_catoblepas_cave, layout_regular_city, lemuel_fruit_tree,
          lemuel_fruit_fields
Swamp:1:  layout_falls_marsh, evilmike_swamp_ruin_rubble_2
Swamp:2:  layout_basic_swamp, evilmike_swamp_ruin_rubble_1, uniq_jorgrun
Swamp:3:  layout_basic_swamp, evilmike_swamp_ruin_house_3, uniq_donald
Swamp:4:  swamp_fiery, layout_basic_swamp
Spider:1: layout_spider_delve, uniq_kirke
Spider:2: layout_spider_delve, nicolae_spider_eight_legs
Spider:3: layout_spider_delve, guppyfry_spider_mini_3,
          hangedman_spider_tarantella_strand
Spider:4: grunt_spider_rune_parallel, hangedman_spider_mandibles, worms_lemuel,
          uniq_arachne
Slime:1:  layout_caves
Slime:2:  layout_caves
Slime:3:  nicolae_slime_pool, layout_caves
Slime:4:  layout_caves
Slime:5
Orc:1:    layout_diamond_mine, kennysheep_orc_sif_temple, uniq_urug,
          uniq_josephine, uniq_erica, uniq_gastronok
Orc:2:    st_orc_mages, layout_caves, minmay_orc_temple_a, uniq_azrael,
          uniq_snorg
Elf:1:    layout_loops_corners, minivault_28
Elf:2:    nicolae_elf_blades_splatter_lattice
          [nicolae_blade_entry_sentries_behind_glass], layout_geoelf_octagon,
          serial_shops, bzr_firewalk, shop, nicolae_shop_trees,
          nicolae_elf_double_double_double_trouble, uniq_saint_roka
Elf:3:    elf_hall_gauntlet_narrow, layout_loops_corners
Vaults:1: ontoclasm_vaults_ring_large, ontoclasm_vaults_pinch,
          nicolae_vaults_little_ls, ontoclasm_vaults_idyll, v_misc_25,
          v_misc_24, grunt_vaults_focal, v_misc_11, hangedman_vaults_corner,
          layout_vaults_ring, uniq_nikola
Vaults:2: nicolae_vaults_big_angled_halls, ontoclasm_vaults_chip,
          ontoclasm_vaults_idyll, nicolae_vaults_ring_of_whatevers,
          nicolae_vaults_alarming, nicolae_vaults_statue_guard,
          nicolae_vaults_sealed_display, v_misc_4, vaults_mumra_hex,
          nicolae_vaults_little_squares_6, vaults_dpeg_ring,
          nicolae_vaults_yaktaur_gun_rack, layout_vaults_omnigrid, serial_shops,
          shop
Vaults:3: vaults_standard_mumra_x, vaults_room_ringed_pool,
          nicolae_vaults_circle_grid_a, hangedman_vaults_river_flow,
          ontoclasm_vaults_misaligned, vaults_room_large_hall,
          minmay_crypt_entry_necro_gods, nicolae_vaults_network_square,
          hangedman_vaults_impose, vaults_dpeg_spiral, vaults_dpeg_hooks,
          nicolae_vaults_little_squares_6, dpeg_vaults_monster_box,
          dpeg_vaults_pockets_of_resistance, ontoclasm_vaults_ligature,
          nicolae_vaults_border_crossing, layout_vaults_maze_snakey,
          portal_desolation_entry_salt
Vaults:4: hangedman_vaults_nails, hangedman_vaults_stitches, vaults_room_pools,
          layout_vaults_chaotic_city, uniq_jory
Vaults:5: serial_shops
Crypt:1:  layout_chaotic_city, mu_enter_wizlab_3, hangedman_blasphemy,
          uniq_frederick
Crypt:2:  layout_basic, uniq_khufu
Crypt:3:  grunt_crypt_end_deaths_head
Depths:1: layout_cave_pools, enter_ziggurat_b, serial_rivers,
          chequers_serial_rivers_marsh, chequers_serial_rivers_marsh,
          chequers_serial_rivers_small_a, chequers_serial_rivers_micro_d,
          chequers_serial_rivers_large_a, hell_entry, xom_confusion_cloud,
          serial_bayou_shore_b
Depths:2: minmay_four_inscribed_fans, layout_cave_pools, serial_shops,
          bzr_entry_safe, minivault_11, hell_entry
Depths:3: grunt_twisty_corner, layout_gridville, abyss_entry,
          rand_demon_pan_entry_5, nicolae_dithmenos_through_a_glass_darkly,
          hell_entry, nicolae_wu_jian_glorious_leap
Depths:4: mu_elemental_laboratory, layout_small_grid, hell_entry,
          minmay_room_of_horrors, nicolae_trove_entry_path_of_doom,
          minmay_staircase_statues, minmay_shoptagon
Depths:5: grunt_zot_entry_funnels, layout_basic, abyss_entry, hell_entry,
          fedhas_altar_4
Zot:1:    layout_basic
Zot:2:    layout_twisted_circle
Zot:3:    kennysheep_ambush_hall, layout_misc_corridors
Zot:4:    layout_onion, grunt_megastairs_1
Zot:5:    layout_basic

Skill      XL: |  1  2  3  4  5  6  7  8  9 10 11 12 13 14 15 16 17 18 19 20 21 22 23 24 25 26 27 |
---------------+----------------------------------------------------------------------------------+-----
Axes           | 3 4 5 6 8 9 11 13 14 15 16 17 20 | 20.6
Dodging        | 2 3 5 6 8 10 16 | 16.4
Fighting       | 4 5 7 8 9 11 12 13 14 15 16 18 19 20 21 23 24 25 26 27 | 27.0
Shields        | 4 8 10 12 14 15 | 15.0
Armour         | 5 10 11 12 13 14 16 18 19 20 21 23 24 26 27 | 27.0
Maces & Flails | 2 5 6 |  6.8
Crossbows      | 5 9 10 13 | 13.2
Stealth        | 18 | 18.8

Action                   |  1- 3 |  4- 6 |  7- 9 | 10-12 | 13-15 | 16-18 | 19-21 | 22-24 | 25-27 || total
-------------------------+-------+-------+-------+-------+-------+-------+-------+-------+-------++-------
Melee: Hand axe          |    82 |   126 |     3 |       |       |       |       |       |       ||   211
       Morningstar       |       |       |   279 |   471 |   385 |    23 |       |       |       ||  1158
       Broad axe         |       |       |       |       |   635 |  1019 |   793 |   996 |  2059 ||  5502
       Peck              |       |       |       |       |       |       |       |       |   529 ||   529
       Headbutt          |       |       |       |       |       |       |       |       |     2 ||     2
 Fire: Hunting sling     |       |       |       |     8 |     5 |       |       |       |       ||    13
       Hand crossbow     |       |       |       |       |       |       |    48 |    12 |   169 ||   229
Throw: Boomerang         |       |    18 |    15 |       |       |       |       |       |       ||    33
       Dart              |       |       |     3 |    31 |    16 |   106 |    22 |     3 |       ||   181
Invok: Berserk           |     5 |     4 |    10 |    17 |    19 |     8 |     7 |     6 |    13 ||    89
       Brothers in Arms  |       |       |       |     3 |     5 |     3 |    13 |     5 |    21 ||    50
       Trog's Hand       |       |       |       |       |     1 |       |     3 |       |       ||     4
Evoke: Wand              |       |       |       |       |       |     1 |     2 |     1 |       ||     4
       Lightning rod     |       |       |       |       |       |     1 |       |       |       ||     1
       Condenser vane    |       |       |       |       |       |     1 |       |       |       ||     1
  Use: Scroll            |       |     5 |    12 |     9 |     8 |    12 |     4 |     4 |    13 ||    67
       Potion            |       |       |       |       |     1 |       |     3 |     1 |    15 ||    20
 Stab: Sleeping          |     2 |     1 |       |       |       |       |       |       |       ||     3
       Petrified         |       |       |       |       |    17 |       |       |       |       ||    17
       Petrifying        |       |       |       |       |     4 |       |       |       |       ||     4
       Distracted        |       |       |       |       |       |     2 |     3 |     2 |     1 ||     8
Armor: Animal skin       |    20 |    24 |       |       |       |       |       |       |       ||    44
       Scale mail        |       |    42 |       |       |       |       |       |       |       ||    42
       Ring mail         |       |     4 |       |       |       |       |       |       |       ||     4
       Chain mail        |       |       |   158 |   462 |   415 |       |       |       |       ||  1035
       Gold dragon scale |       |       |       |       |   528 |   801 |   469 |   390 |  1112 ||  3300
       Skin              |       |       |       |       |       |       |       |       |     2 ||     2
Dodge: Dodged            |    51 |    61 |   155 |   317 |   488 |   287 |   181 |   218 |   683 ||  2441
Block: Buckler           |       |       |       |    29 |   112 |       |       |       |       ||   141
       Kite shield       |       |       |       |       |   544 |  1017 |   510 |   572 |  1345 ||  3988
       Reflection        |       |       |       |       |       |     2 |    69 |    30 |    71 ||   172
